 Dungeon Crawl Stone Soup version 0.31-a0-441-g867994ef1c (webtiles) character file.

Game seed: 12776533881988847002

36 dinky3 the Sneak (level 3, -2/24 HPs)
             Began as a Vampire Enchanter on Aug 2, 2023.
             Slain by an orc
             ... wielding a +0 hand axe
              (5 damage)
             ... on level 2 of the Dungeon.
             The game lasted 00:03:09 (637 turns).

dinky3 the Sneak (Vampire Enchanter)                 Turns: 637, Time: 00:03:10

Health: -2/24      AC:  2    Str:  7    XL:     3   Next: 19%
Magic:  1/6        EV: 12    Int: 17    God:
Gold:   91         SH:  0    Dex: 16    Spells: 4/6 levels left

rFire   . . .        a - +1 dagger
rCold   . . .        (no shield)
rNeg    . . .        b - +0 robe
rPois   .            (no helmet)
rElec   .            (no cloak)
rCorr   .            (no gloves)
SInv    +            (no boots)
Will    .....        (no amulet)
Stlth   +++          (no ring)
HPRegen 0.44/turn    (no ring)
MPRegen 0.10/turn

%: no passive effects
@: healing quickly, invisible
A: alive, fangs 3, see invisible, vampiric 2
a: Exsanguinate


You were on level 2 of the Dungeon.
You visited 1 branch of the dungeon, and saw 3 of its levels.

You collected 91 gold pieces.

Inventory:

Hand Weapons
 a - a +1 dagger (weapon)
Armour
 b - a +0 robe (worn)
 i - a +0 pair of boots
Scrolls
 e - a scroll of identify {unknown}
 f - a scroll of vulnerability {unknown}
 g - 3 scrolls of brand weapon {unknown}
 j - a scroll of teleportation {unknown}
 k - a scroll of fog {unknown}
Potions
 d - a potion of cancellation {unknown}
 h - a potion of curing {unknown}


   Skills:
 + Level 2.5 Short Blades
 - Level 2.1 Dodging
 + Level 5.6 Stealth
 - Level 2.0 Spellcasting
 - Level 4.4 Hexes


You had 4 spell levels left.
You knew the following spells:

 Your Spells              Type           Power      Damage    Failure   Level
b - Ensorcelled Hibernat  Hex/Ice        18%        N/A       12%         2

Your spell library contained the following spells:

 Spells                   Type           Power      Damage    Failure   Level
 Confusing Touch          Hex            16%        N/A       10%         3
 Tukima's Dance           Hex            16%        N/A       10%         3
 Sting                    Tmut/Pois      4%         1d3       19%         1
 Dazzling Flash           Conj/Hex       18%        N/A       24%         3
 Poisonous Vapours        Pois/Air       2%         N/A       28%         2
 Olgreb's Toxic Radiance  Pois           1%         N/A       88%         4


Dungeon Overview and Level Annotations

Branches:
Dungeon (3/15) Zot: 17366

Altars:


Innate Abilities, Weirdness & Mutations

Your natural rate of healing is accelerated.
You have razor-sharp teeth.
You have supernaturally acute eyesight. (SInv)
You are afflicted with vampirism and can become a bat while bloodless.


Message History

There is a stone staircase leading up here.
The orc attacks as you move away! The orc closely misses you.
The orc attacks as you move away! The orc misses you.
Casting: Ensorcelled Hibernation (safe; 12% risk of failure)
Confirm with . or Enter, or press ? or * to list all spells.
You don't have enough magic to cast this spell.
Unknown command.
You aren't carrying any items that you can evoke.
Unknown command.
You have nothing you can fire or use right now.
Unknown command.
The orc attacks as you move away! The orc closely misses you.
The orc attacks as you move away! The orc barely misses you.
Casting: Ensorcelled Hibernation (safe; 12% risk of failure)
Confirm with . or Enter, or press ? or * to list all spells.
Aiming: Ensorcelled Hibernation (safe; 12% risk of failure)
Press: ? - help, Shift-Dir - straight line, f/p - orc
Aim: an orc, wielding a +0 whip (severely wounded, chance to affect: 61%)
The orc resists with significant effort.
The orc hits you with a +0 hand axe. The orc attacks as you move away!
The orc hits you with a +0 hand axe. The orc attacks as you move away!
The orc barely misses you.
There is a stone staircase leading up here.
The orc hits you with a +0 hand axe.
* * * LOW HITPOINT WARNING * * *
You climb upwards.
There is a stone staircase leading down here.
You hit the orc.
The orc is heavily wounded.
The orc hits you with a +0 hand axe!
* * * LOW HITPOINT WARNING * * *
You hit the orc.
The orc is almost dead.
The orc attacks as you move away! The orc barely misses you.
You have nothing you can fire or use right now.
Unknown command.
Okay, then.
You fade into invisibility!
The orc hits you with a +0 hand axe.
You die...

#..>..# #.#.....# ####..#
#.#.###.# #..# #.#.# .#
#[.########.#.# .#
##........>.(#.###.#
##.....#####........#
##.......#####.........#
##
#.............o..#####.###
#. ##.......#####@..# ...
#. ##.....## #.### #.# #.
##...## #.# #(# #. ##..#
#.# #.# #. #..# #.#
###.#####. #..# #.#
#....††††. #...
#.#######..######. #...
#.)........# #. ##.
##########.# #.


You could see an orc (unable to see you).

Vanquished Creatures
  2 dart slugs
  3 orcs (D:3)
  2 ball pythons (D:2)
  2 goblins (D:2)
  2 hobgoblins
  4 jackals (D:2)
  2 kobolds
  2 quokkas (D:2)
  3 bats
  A frilled lizard (D:1)
  4 rats
27 creatures vanquished.

Notes
Turn   | Place    | Note
-------+----------+-------------------------------------------
     0 | D:1      | dinky3 the Vampire Enchanter began the quest for the Orb.
     0 | D:1      | Reached XP level 1. HP: 13/13 MP: 3/3
   225 | D:1      | Reached XP level 2. HP: 13/19 MP: 5/5
   228 | D:1      | Learned a level 2 spell: Ensorcelled Hibernation
   326 | D:2      | Reached skill level 5 in Stealth
   377 | D:2      | Found a faded altar of an unknown god.
   553 | D:2      | Gained mutation: You are afflicted with vampirism and can
                  | become a bat while bloodless. [Vampire growth]
   553 | D:2      | Reached XP level 3. HP: 22/24 MP: 1/6
   637 | D:2      | Slain by an orc

Illustrated notes

Levels and vault maps discovered:
D:1:      ncdulo_watergridlock, layout_loops_ring
D:2:      layout_loops_ring, basic_altar, shapermc_ecumenical_altar_mp_vishouse,
          uniq_natasha
D:3:      layout_rooms

Skill      XL: |  1  2 |
---------------+-------+-----
Stealth        | 5 |  5.6
Short Blades   | 2 |  2.5
Dodging        | |  2.1
Spellcasting   | |  2.0
Hexes          | |  4.4

Action                     || total
---------------------------++-------
  Melee: Dagger            ||    64
         Bite              ||     6
   Cast: Ensorcelled Hiber ||     9
    Use: Potion            ||     2
   Stab: Sleeping          ||    11
         Invisible         ||     1
 Armour: Robe              ||     6
  Dodge: Dodged            ||    42

Table legend: (Time is in decaauts)
 A = Elapsed time spent in this place.
 B = Non-inter-level travel time spent in this place.
 C = Inter-level travel time spent in this place.
 D = Time resting spent in this place.
 E = Time spent auto-exploring this place.
 F = Levels seen in this place.
 G = Mean time per level.
                   A        B        C        D        E       F      G
               +--------+--------+--------+--------+--------+-----+--------+
         Total |    632 |    632 |      0 |      0 |      0 |   3 |  210.7 |
       Dungeon |    632 |    632 |      0 |      0 |      0 |   3 |  210.7 |
               +--------+--------+--------+--------+--------+-----+--------+

Top non-repeatable levels by time:
     D:1: 299 daAuts
     D:2: 274 daAuts
     D:3: 57 daAuts
